AoeStats
← Andrez14

Fortress

509911819Analyzed
2v2 RM · 2d ago on Sep 28, 2026· 49m 34s· 4 players
Game mode
Random Map
Map size
Normal (6 player)
Population
200
Speed
Normal
Resources
Standard
Victory
Conquest
Starting age
Dark Age
Ending age
Imperial Age
RankedLock teamsTeams togetherTeam positionsShared explorationLock speedFull tech treeHidden civsTurbo modeCheats
Victory
Defeat
🇨🇱 Franks · Chile
1006
+17
🇨🇱 Khmer · Chile
1005
+17
🇩🇪 Mongols · Germany
1047
-18
🇬🇧 Khmer · United Kingdom
997
-16
titoluis2010
7:14 Feudal Age
12:02 Castle Age
10:21 Double-Bit Axe
10:53 Horse Collar
13:11 Bow Saw
14:12 Heavy Plow
15:28 Gold Mining
18:12 Wheelbarrow
20:15 Bloodlines
26:03 Imperial Age
23:58 Husbandry
26:57 Hand Cart
27:46 Crop Rotation
27:29 Scale Barding Armor
27:35 Forging
27:26 Scale Mail Armor
27:49 Conscription
29:08 Chain Barding Armor
30:20 Iron Casting
30:10 Tusk Swords
29:48 Light Cavalry
31:16 Town Watch
32:09 Hussar
37:00 Pikeman
38:29 Arson
43:13 Double Crossbow
44:18 Halberdier
45:29 Chain Mail Armor
46:15 Blast Furnace
breaker123
7:35 Feudal Age
13:04 Castle Age
10:54 Double-Bit Axe
10:52 Horse Collar
12:05 Gold Mining
13:57 Padded Archer Armor
13:52 Fletching
14:21 Bow Saw
16:30 Heavy Plow
17:53 Bodkin Arrow
20:14 Bloodlines
20:04 Husbandry
21:32 Leather Archer Armor
23:07 Wheelbarrow
22:18 Town Watch
23:33 Loom
24:29 Arson
29:33 Imperial Age
27:36 Stone Mining
29:49 Hand Cart
30:30 Bracer
33:16 Conscription
34:25 Forging
34:20 Scale Barding Armor
34:20 Heavy Camel Rider
36:14 Ballistics
36:55 Chemistry
37:03 Iron Casting
37:52 Chain Barding Armor
39:52 Blast Furnace
38:57 Elite Mangudai
43:35 Cavalier
47:45 Light Cavalry
48:45 Hussar
PalomaBesti
7:29 Feudal Age
7:49 Horse Collar
7:55 Double-Bit Axe
14:07 Castle Age
14:32 Loom
15:40 Padded Archer Armor
15:35 Fletching
16:21 Bow Saw
16:12 Heavy Plow
18:03 Elite Skirmisher
19:47 Wheelbarrow
19:00 Town Watch
19:48 Bodkin Arrow
21:04 Gold Mining
21:54 Ballistics
22:00 Padded Archer Armor
24:42 Leather Archer Armor
29:33 Imperial Age
29:01 Hand Cart
28:46 Town Patrol
29:49 Town Patrol
30:53 Conscription
32:01 Chemistry
32:17 Double Crossbow
32:29 Double Crossbow
34:01 Scale Mail Armor
34:46 Pikeman
36:04 Forging
36:10 Chain Mail Armor
35:45 Halberdier
37:43 Iron Casting
40:13 Bracer
40:41 Murder Holes
41:54 Ring Archer Armor
41:36 Heavy Scorpion
50:43 Blast Furnace
49:49 Arson
Andrez14
7:41 Feudal Age
5:57 Loom
8:17 Double-Bit Axe
13:21 Castle Age
11:41 Gold Mining
14:28 Bow Saw
17:28 Scale Barding Armor
17:53 Forging
20:59 Iron Casting
22:02 Padded Archer Armor
23:12 Wheelbarrow
22:45 Fletching
24:21 Chain Barding Armor
27:04 Leather Archer Armor
28:16 Hand Cart
28:43 Bodkin Arrow
29:46 Town Watch
30:09 Husbandry
32:57 Imperial Age
30:25 Treadmill Crane
30:56 Masonry
30:41 Murder Holes
33:22 Gold Shaft Mining
34:20 Plate Barding Armor
34:14 Cavalier
37:59 Blast Furnace
38:30 Elite Skirmisher
39:16 Paladin
39:20 Light Cavalry
43:55 Scale Mail Armor
50:02 Conscription
Connection lost

Rejoining the realm…

Still unreachable

The connection could not be restored.

Session expired

The server has moved on; the page needs a fresh start.